 Dungeon Crawl Stone Soup version 0.23.2-40-g277498a001 (webtiles) character file.

Game seed: 4618952387767587840

4038 MisterOstroum the Fighter (level 10, -1/110 HPs)
             Began as an Ogre Conjurer on Aug 28, 2019.
             Was an Elder of Vehumet.
             Slain by a two-headed ogre
             ... wielding a +0 giant club
              (16 damage)
             ... on level 9 of the Dungeon.
             The game lasted 00:21:15 (11937 turns).

MisterOstroum the Fighter (Ogre Conjurer)          Turns: 11937, Time: 00:21:15

Health: -1/110     AC:  4    Str: 14    XL:     10   Next: 24%
Magic:  5/18       EV: 10    Int: 19    God:    Vehumet [****..]
Gold:   469        SH:  0    Dex: 15    Spells: 8/20 levels left

rFire    . . .     SeeInvis .   o - +3 dagger (elec)
rCold    . . .     Gourm    .   (no shield)
rNeg     + . .     Faith    .   B - +1 robe {MR+}
rPois    .         Spirit   .   (helmet restricted)
rElec    .         Reflect  .   (no cloak)
rCorr    .         Harm     .   (gloves unavailable)
MR       ++...                  (boots unavailable)
Stlth    ++........             (no amulet)
HPRegen  0.28/turn              c - ring of positive energy
MPRegen  0.16/turn              q - +6 ring of dexterity

@: no status effects
A: large, unfitting armour, tough skin 1
a: Renounce Religion


You were on level 9 of the Dungeon.
You worshipped Vehumet.
Vehumet was greatly pleased with you.
You were very hungry.

You visited 1 branch of the dungeon, and saw 9 of its levels.

You collected 469 gold pieces.

Inventory:

Hand Weapons
 b - a +0 club
 n - a +0 falchion
 o - a +3 dagger of electrocution (weapon)
 p - a +2 flail of protection
 A - a +0 whip of flaming
 F - a cursed -3 war axe
 I - a +1 hand axe of chopping
Missiles
 f - 153 stones (quivered)
 t - 2 throwing nets {!f}
 u - 4 tomahawks
 E - 4 javelins
Armour
 a - a +1 robe
 B - a +1 robe of magic resistance (worn)
Jewellery
 c - a ring of positive energy (left hand)
 q - a +6 ring of dexterity (right hand)
 w - an uncursed ring of resist corrosion
 K - a +3 ring of evasion {unknown}
Wands
 y - a wand of flame (22)
 C - a wand of polymorph (5)
 D - a wand of scattershot (4)
Scrolls
 h - 4 scrolls of remove curse {@r2}
 l - 13 scrolls of identify {@r1}
 s - 4 scrolls of teleportation {@r3 !r}
 v - 3 scrolls of magic mapping {unknown}
 x - 2 scrolls of enchant armour
 G - a scroll of fog {unknown}
 J - a scroll of silence {unknown}
 L - a scroll of enchant weapon
 M - a scroll of amnesia {unknown}
Potions
 d - a potion of lignification {unknown}
 g - a potion of brilliance {unknown}
 i - 6 potions of curing {unknown}
 j - a potion of magic {unknown}
 k - a potion of cancellation {unknown}
 m - a potion of degeneration {unknown}
 r - 6 potions of heal wounds {unknown}
 z - a potion of agility {unknown}
 H - a potion of flight {unknown}
Comestibles
 e - 11 rations


   Skills:
 - Level 10.1 Fighting
 - Level 8.0 Short Blades
 - Level 1.7 Dodging
 - Level 1.4 Stealth
 + Level 5.6 Spellcasting
 - Level 5.0 Conjurations
 - Level 5.1 Translocations
 + Level 0.3 Fire Magic


You had 8 spell levels left.
You knew the following spells:

 Your Spells              Type           Power        Failure   Level  Hunger
a - Magic Dart            Conj           ###.         1%          1    None
b - Searing Ray           Conj           ###...       1%          2    None
c - Iskenderun's Mystic   Conj           ###.....     4%          4    ####...
d - Force Lance           Conj/Tloc      ###.....     4%          4    ####...
e - Flame Tongue          Conj/Fire      ###..        1%          1    None

Your spell library contained the following spells:

 Spells                   Type           Power        Failure   Level  Hunger
 Bolt of Magma            Conj/Fire/Erth ##........   36%         5    #####..
 Dazzling Spray           Conj/Hex       ##....       3%          3    ##.....
 Fulminant Prism          Conj/Hex       ##........   11%         4    ####...


Dungeon Overview and Level Annotations

Branches:
Dungeon (9/15)             Temple (0/1) D:4
   Lair: D:8-11         Orc: D:9-12

Altars:
Ashenzari
Dithmenos
Elyvilon
Hepliaklqana
Makhleb
Nemelex Xobeh
Qazlal
Trog
Vehumet

Annotations:
D:3 1 runed translucent door, bildradio's ghost, amateur KoCj
D:4 Natasha
D:8 Grum


Innate Abilities, Weirdness & Mutations

You are too large for most types of armour.
You have tough skin. (AC +1)


Message History

The two-headed ogre hits you with a +0 giant club.
Casting: Force Lance (safe; 4% risk of failure)
Confirm with . or Enter, or press ? or * to list all spells.
Aiming: Force Lance (safe; 4% risk of failure)
Press: ? - help, Shift-Dir - straight line, f/p - two-headed ogre
Aim: a two-headed ogre, wielding two +0 giant clubs The lance of force hits the two-headed ogre.
The two-headed ogre is lightly wounded.
The two-headed ogre is knocked back by the lance of force.
Casting: Force Lance (safe; 4% risk of failure)
Confirm with . or Enter, or press ? or * to list all spells.
Aiming: Force Lance (safe; 4% risk of failure)
Press: ? - help, Shift-Dir - straight line, f/p - two-headed ogre
Aim: a two-headed ogre, wielding two +0 giant clubs (lightly wounded)
The lance of force hits the two-headed ogre!
The two-headed ogre is lightly wounded.
The two-headed ogre is knocked back by the lance of force.
You see here a scale mail.
An orc wizard comes into view. It is wielding a +0 dagger.
There is a stone staircase leading up here.
You climb upwards.
Level annotation: Grum
There is a stone staircase leading down here.
There is an escape hatch in the floor here.
Unknown command.
You start resting.
Magic restored.
Really go through this one-way escape hatch?
You slide downwards.
The hatch slams shut behind you.
Found two stone staircases leading up.
There is a stone staircase leading up here.
You now have 469 gold pieces (gained 10).
The two-headed ogre is too close now for your liking.
A two-headed ogre is nearby!
A two-headed ogre is nearby!
Casting: Force Lance (safe; 4% risk of failure)
Confirm with . or Enter, or press ? or * to list all spells.
Aiming: Iskenderun's Mystic Blast (safe; 4% risk of failure)
Press: ? - help, Shift-Dir - straight line, f - two-headed ogre
Aim: a two-headed ogre, wielding two +0 giant clubs (hasn't noticed you)
The orb of energy hits the two-headed ogre!
The two-headed ogre is lightly wounded.
The two-headed ogre shouts in stereo!
You are feeling hungry.
Casting: Iskenderun's Mystic Blast (safe; 4% risk of failure)
Confirm with . or Enter, or press ? or * to list all spells.
Aiming: Iskenderun's Mystic Blast (safe; 4% risk of failure)
Press: ? - help, Shift-Dir - straight line, f/p - two-headed ogre
Aim: a two-headed ogre, wielding two +0 giant clubs (lightly wounded)
The orb of energy hits the two-headed ogre.
The two-headed ogre is lightly wounded.
Casting: Iskenderun's Mystic Blast (safe; 4% risk of failure)
Confirm with . or Enter, or press ? or * to list all spells.
Aiming: Iskenderun's Mystic Blast (safe; 4% risk of failure)
Press: ? - help, Shift-Dir - straight line, f/p - two-headed ogre
Aim: a two-headed ogre, wielding two +0 giant clubs (lightly wounded)
The orb of energy hits the two-headed ogre.
The two-headed ogre is moderately wounded.
The orb of energy explodes!
Casting: Iskenderun's Mystic Blast (safe; 4% risk of failure)
Confirm with . or Enter, or press ? or * to list all spells.
Aiming: Force Lance (safe; 4% risk of failure)
Press: ? - help, Shift-Dir - straight line, f - you, p - two-headed ogre
Okay, then.
Casting: Force Lance (safe; 4% risk of failure)
Confirm with . or Enter, or press ? or * to list all spells.
Aiming: Force Lance (safe; 4% risk of failure)
Press: ? - help, Shift-Dir - straight line, f/p - two-headed ogre
Aim: a two-headed ogre, wielding two +0 giant clubs (moderately wounded)
The lance of force hits the two-headed ogre!
The two-headed ogre is moderately wounded.
The two-headed ogre hits you with a +0 giant club!! x2
There is a stone staircase leading up here.
Casting: Force Lance (safe; 4% risk of failure)
Confirm with . or Enter, or press ? or * to list all spells.
Aiming: Force Lance (safe; 4% risk of failure)
Press: ? - help, Shift-Dir - straight line, f/p - two-headed ogre
Aim: a two-headed ogre, wielding two +0 giant clubs (moderately wounded)
The lance of force hits the two-headed ogre!
The two-headed ogre is heavily wounded.
You are feeling very hungry.
The two-headed ogre misses you.
The two-headed ogre hits you with a +0 giant club!
There is a stone staircase leading up here.
You climb upwards.
Level annotation: Grum
There is a stone staircase leading down here.
Unknown command.
Grum growls angrily.
You hear a howl!
Grum is too close now for your liking.
There is a stone staircase leading down here.
The wolf bites you.
You climb downwards.
The two-headed ogre hits you with a +0 giant club!!
* * * LOW HITPOINT WARNING * * *
The two-headed ogre hits you with a +0 giant club!
* * * LOW HITPOINT WARNING * * *
The two-headed ogre barely misses you.
The two-headed ogre hits you with a +0 giant club!
You die...

##############
#............#
#.##########.#
#.##########.#####
........<.......O#
#.##########.###@#
..# ####.# #.# ###
###....# #.# ..
...#### #.# #..#
#.# ##..######.#
### #..)........
..#####).........#
#.......#.#####).


You could see a two-headed ogre.

Vanquished Creatures
  Pikel (D:5)
  Prince Ribbit (D:8)
  A spriggan (D:8)
  Eustachio (D:5)
  Menkaure (D:7)
  Edmund (D:5)
  Duvessa (D:7)
  An ice beast (D:8)
  2 black bears (D:6)
  4 ogres
  A sky beast (D:8)
  A centaur (D:8)
  Blork the orc (D:5)
  2 bullfrogs
  Dowan (D:7)
  A scorpion (D:5)
  4 killer bees (D:8)
  5 wights
  3 howler monkeys
  A lava snake (D:7)
  5 crimson imps
  A quasit (D:8)
  A centaur zombie (D:6)
  3 hounds
  3 orc priests
  A centaur skeleton (D:8)
  A jelly (D:5)
  7 orc wizards
  3 iguanas
  5 worker ants
  A hound zombie (D:8)
  8 adders
  10 gnolls
  A river rat (D:5)
  3 shadow imps
  3 oozes
  An adder zombie (D:5)
  6 worms
  3 dart slugs
  4 leopard geckos
  24 orcs
  7 bats
  6 giant cockroaches
  5 goblins
  8 hobgoblins
  24 jackals
  A kobold (D:1)
  5 quokkas
  A frilled lizard (D:2)
  A giant cockroach zombie (D:6)
  A jackal skeleton (D:6)
  A leopard gecko zombie (D:7)
  12 rats
200 creatures vanquished.

Vanquished Creatures (others)
  2 slaves (D:5)
2 creatures vanquished.

Grand Total: 202 creatures vanquished

Notes
Turn   | Place    | Note
-------+----------+-------------------------------------------
     0 | D:1      | MisterOstroum the Ogre Conjurer began the quest for the
                  | Orb.
     0 | D:1      | Reached XP level 1. HP: 16/16 MP: 3/3
    73 | D:1      | Reached skill level 1 in Fighting
   131 | D:1      | Reached XP level 2. HP: 25/27 MP: 0/5
   381 | D:1      | Learned a level 2 spell: Searing Ray
   932 | D:1      | Reached XP level 3. HP: 35/35 MP: 3/6
  1479 | D:2      | Reached skill level 2 in Fighting
  1717 | D:2      | Reached XP level 4. HP: 29/44 MP: 0/7
  1961 | D:2      | Found a radiant altar of Vehumet.
  1970 | D:2      | Became a worshipper of Vehumet
  2609 | D:3      | Reached skill level 3 in Fighting
  2807 | D:3      | Reached XP level 5. HP: 53/53 MP: 0/8
  2894 | D:3      | Found a hazy altar of Hepliaklqana.
  2956 | D:3      | Found a faded altar of an unknown god.
  3034 | D:3      | Reached skill level 1 in Short Blades
  3220 | D:3      | Found a bloodstained altar of Trog.
  3307 | D:3      | Found a runed translucent door.
  3308 | D:3      | Noticed bildradio's ghost (amateur KoCj)
  3548 | D:4      | Noticed an ogre
  3607 | D:4      | Reached skill level 5 in Conjurations
  3676 | D:4      | Reached * piety under Vehumet
  3676 | D:4      | Offered knowledge of Flame Tongue by Vehumet.
  3682 | D:4      | Learned a level 4 spell: Iskenderun's Mystic Blast
  3684 | D:4      | Learned a level 1 spell: Flame Tongue
  3963 | D:4      | Reached skill level 4 in Fighting
  3969 | D:4      | Reached XP level 6. HP: 56/63 MP: 2/9
  4069 | D:4      | Found a staircase to the Ecumenical Temple.
  4101 | D:4      | Noticed Natasha
  4132 | D:5      | Entered Level 5 of the Dungeon
  4470 | D:5      | Noticed Edmund
  4492 | D:5      | Killed Edmund
  4492 | D:5      | Reached skill level 5 in Fighting
  4572 | D:5      | Reached XP level 7. HP: 74/74 MP: 0/10
  4582 | D:5      | Reached skill level 6 in Fighting
  4812 | D:5      | Noticed Eustachio
  5054 | D:5      | Offered knowledge of Throw Flame by Vehumet.
  5084 | D:5      | Noticed Blork the orc
  5090 | D:5      | Killed Blork the orc
  5174 | D:5      | Noticed Pikel
  5223 | D:5      | Killed Pikel
  5223 | D:5      | Reached ** piety under Vehumet
  5223 | D:5      | Reached skill level 7 in Fighting
  5223 | D:5      | Reached skill level 5 in Spellcasting
  5223 | D:5      | Reached XP level 8. HP: 18/87 MP: 3/16
  5765 | D:5      | Killed Eustachio
  5765 | D:5      | Reached skill level 5 in Short Blades
  6020 | D:6      | Reached skill level 8 in Fighting
  6332 | D:6      | Reached XP level 9. HP: 77/97 MP: 12/17
  6607 | D:6      | Reached skill level 9 in Fighting
  7727 | D:7      | Noticed Menkaure
  7728 | D:7      | Offered knowledge of Mephitic Cloud by Vehumet.
  7738 | D:7      | Killed Menkaure
  7903 | D:7      | Noticed Duvessa
  7933 | D:7      | Reached skill level 10 in Fighting
  8000 | D:7      | Learned a level 4 spell: Force Lance
  8327 | D:7      | Reached skill level 1 in Translocations
  8550 | D:7      | Noticed a moth of wrath
  8550 | D:7      | Noticed Dowan
  8588 | D:7      | Killed Duvessa
  8714 | D:7      | Killed Dowan
  8855 | D:7      | Reached *** piety under Vehumet
  8861 | D:7      | Found a bloodstained altar of Trog.
  9351 | D:8      | Offered knowledge of Ignite Poison by Vehumet.
 10261 | D:8      | Reached XP level 10. HP: 77/110 MP: 6/18
 10475 | D:8      | Found a stormy altar of Qazlal.
 10508 | D:8      | Reached **** piety under Vehumet
 10549 | D:8      | Noticed Prince Ribbit
 10622 | D:8      | Killed Prince Ribbit
 10622 | D:8      | Reached skill level 5 in Translocations
 10656 | D:8      | Found a white marble altar of Elyvilon.
 10741 | D:8      | Found a shadowy altar of Dithmenos.
 10742 | D:8      | Found a shattered altar of Ashenzari.
 10742 | D:8      | Found a sparkling altar of Nemelex Xobeh.
 10780 | D:8      | Offered knowledge of Bolt of Magma by Vehumet.
 11069 | D:8      | Found a burning altar of Makhleb.
 11075 | D:8      | Noticed Grum
 11762 | D:9      | Noticed a two-headed ogre
 11937 | D:9      | Slain by a two-headed ogre

Skill      XL: |  1  2  3  4  5  6  7  8  9 10 |
---------------+-------------------------------+-----
Fighting       | 1 2 3 4 5 7 8 10 | 10.1
Conjurations   | 4 5 |  5.0
Short Blades   | 2 3 4 5 7 8 |  8.0
Spellcasting   | 5 |  5.6
Translocations | 4 5 |  5.1
Dodging        | |  1.7
Stealth        | |  1.4
Fire Magic     | |  0.3

Action                   |  1- 3 |  4- 6 |  7- 9 | 10-12 || total
-------------------------+-------+-------+-------+-------++-------
Melee: Club              |    49 |       |       |       ||    49
       Dagger            |       |    68 |   128 |    30 ||   226
Throw: Stone             |       |    22 |    12 |     4 ||    38
 Cast: Magic Dart        |    59 |    98 |   144 |    26 ||   327
       Searing Ray       |     3 |     7 |     4 |     2 ||    16
       Iskenderun's Myst |       |     5 |    72 |    24 ||   101
       Force Lance       |       |       |       |     6 ||     6
  Use: Scroll            |       |     7 |       |       ||     7
  Eat: Chunk             |     3 |    11 |    22 |     3 ||    39
       Ration            |       |       |     2 |     2 ||     4
Armor: Robe              |    27 |    22 |    27 |     8 ||    84
Dodge: Dodged            |    51 |    37 |    70 |    24 ||   182
